 Dungeon Crawl Stone Soup version 0.26.1-2-gb8aa6d0cf2 (webtiles) character file.

Game seed: 12756370471496596237

164 FishyPogo the Changer (level 5, -2/45 HPs)
             Began as a Draconian Transmuter on Mar 1, 2021.
             Was a Plaything of Xom.
             Killed by nerve-wracking pain
             ... invoked by an orc priest
              (9 damage)
             ... on level 3 of the Dungeon.
             The game lasted 00:06:39 (2377 turns).

FishyPogo the Changer (Draconian Transmuter)        Turns: 2377, Time: 00:06:40

Health: -2/45      AC:  2    Str: 12    XL:     5   Next: 21%
Magic:  3/8        EV: 19    Int: 15    God:    Xom [..*...]
Gold:   56         SH:  0    Dex: 16    Spells: 2/8 levels left

rFire    . . .     SeeInvis .     - Unarmed
rCold    . . .     Faith    .   (shield currently unavailable)
rNeg     . . .     Spirit   .   (armour unavailable)
rPois    x         Reflect  .   (helmet currently unavailable)
rElec    .         Harm     .   (cloak currently unavailable)
rCorr    .         Rampage  .   (gloves currently unavailable)
Will     .....                  (boots currently unavailable)
Stlth    +.........             (no amulet)
HPRegen  0.15/turn              s - ring of wizardry
MPRegen  0.11/turn              (no ring)

@: spider-form, wereblooded
A: tiny, unfitting armour, AC +5
a: End Transformation, Renounce Religion


You were on level 3 of the Dungeon.
You worshipped Xom.
You were a toy of Xom.
You were a venomous arachnid creature.
You visited 1 branch of the dungeon, and saw 3 of its levels.

You collected 56 gold pieces.

Inventory:

Missiles
 b - 136 stones
 p - 22 poisoned darts
 t - 8 boomerangs
Jewellery
 s - a ring of wizardry (left front leg)
Scrolls
 a - 5 scrolls of identify {unknown}
 c - 2 scrolls of fear {unknown}
 f - 4 scrolls of teleportation {unknown}
 g - a scroll of enchant weapon {unknown}
 h - a scroll of fog {unknown}
 i - a scroll of enchant armour {unknown}
Potions
 d - a potion of might {unknown}
 e - 2 potions of lignification {unknown}
 j - 2 potions of curing {unknown}
 k - a potion of flight {unknown}
 l - a potion of heal wounds {unknown}
 m - a potion of berserk rage {unknown}
 n - a potion of brilliance {unknown}
 o - a potion of invisibility {unknown}
 q - a potion of haste {unknown}
 r - a potion of magic {unknown}


   Skills:
 + Level 3.2 Fighting
 - Level 1.7 Dodging
 - Level 3.0 Unarmed Combat
 - Level 2.0 Spellcasting
 * Level 4.6 Transmutations


You had 2 spell levels left.
You knew the following spells:

 Your Spells              Type           Power        Failure   Level
l - Spider Form           Tmut/Pois      4%           21%         3
u - Wereblood             Tmut           15%          6%          2
y - Beastly Appendage     Tmut           30%          4%          1

Your spell library contained the following spells:

 Spells                   Type           Power        Failure   Level
 Ice Form                 Ice/Tmut       8%           47%         4
 Blade Hands              Tmut           7%           50%         5


Dungeon Overview and Level Annotations

Branches:
Dungeon (3/15)

Altars:
Ashenzari
Nemelex Xobeh
Vehumet
Xom


Innate Abilities, Weirdness & Mutations

((Your plain brown scales are hard. (AC +5)))
You cannot fit into any form of body armour.
((You are cold-blooded and may be slowed by cold attacks.))


Message History

The orc priest hits you but does no damage.
You hit the orc priest.
The orc priest looks as sick as possible!
The orc priest is moderately wounded.
The orc misses you.
An orc priest comes into view. It is wielding a +0 hand axe.
The orc priest closely misses you.
You barely miss the orc priest.
The orc priest is heavily wounded.
The orc misses you. The orc priest completely misses you.
You hit the orc priest.
The orc priest is severely wounded.
The orc hits you with a +0 dagger.
The orc priest invokes the aid of Beogh against you.
Beogh smites you!
* * * LOW HITPOINT WARNING * * *
The orc priest calls down the wrath of Beogh upon you.
Pain shoots through your body!
You die...
Xom howls with laughter!

#.# # #.# # #.# #
#.########.#############
........................
#####............###.#
#.##.#####...# #.#
#.##.# #...# # # #s##.#
###...# # #.o.oo##.#
#.....# #.######.#
#.....###.. #.#
#..........
##.###.....###..
...........#
...........#
...........###
.......#.###<#.#


You could see 2 orc priests and an orc (very poisoned).

Vanquished Creatures
  7 adders
  3 oozes
  2 worms
  2 leopard geckos (D:2)
  2 orcs (D:3)
  8 bats
  6 giant cockroaches
  9 goblins
  10 hobgoblins
  8 jackals
  5 frilled lizards
  9 kobolds
  9 rats
80 creatures vanquished.

Notes
Turn   | Place    | Note
-------+----------+-------------------------------------------
     0 | D:1      | FishyPogo the Draconian Transmuter began the quest for the
                  | Orb.
     0 | D:1      | Reached XP level 1. HP: 16/16 MP: 3/3
   157 | D:1      | Reached XP level 2. HP: 23/23 MP: 3/5
   412 | D:1      | Reached skill level 3 in Transmutations
   774 | D:1      | Reached XP level 3. HP: 29/29 MP: 4/6
   777 | D:1      | Learned a level 2 spell: Wereblood
   781 | D:1      | Learned a level 3 spell: Spider Form
  1095 | D:2      | Found a shimmering altar of Xom.
  1103 | D:2      | Became a worshipper of Xom the Begetter of Discontinuities
  1135 | D:2      | Found a sparkling altar of Nemelex Xobeh.
  1146 | D:2      | Found a radiant altar of Vehumet.
  1157 | D:2      | Reached XP level 4. HP: 29/37 MP: 5/7
  1356 | D:2      | Reached skill level 4 in Transmutations
  1394 | D:2      | Found a broken altar of Ashenzari.
  1993 | D:3      | Reached XP level 5. HP: 45/45 MP: 8/8
  2209 | D:3      | XOM: divination: detect items
  2234 | D:3      | XOM: smoke on damage
  2377 | D:3      | Killed from afar by an orc priest

Illustrated notes

Levels and vault maps discovered:
D:1:      lightli_arrival_statue_moat, layout_basic
D:2:      layout_rooms, ashenzari_altar_1, nicolae_overflow_crystal_walls,
          general_overflow_altar, fiery_altar_vehumet
D:3:      layout_basic

Skill      XL: |  1  2  3  4 |
---------------+-------------+-----
Transmutations | 3 4 |  4.6
Fighting       | 2 3 |  3.2
Dodging        | |  1.7
Unarmed Combat | |  3.0
Spellcasting   | |  2.0

Action                   |  1- 3 |  4- 6 || total
-------------------------+-------+-------++-------
Melee: Unarmed           |    97 |   126 ||   223
       Tailslap          |     6 |    10 ||    16
       Kick              |    23 |    20 ||    43
       Headbutt          |     7 |     8 ||    15
       Punch             |     2 |       ||     2
 Cast: Beastly Appendage |    23 |    19 ||    42
       Wereblood         |     2 |     2 ||     4
       Spider Form       |       |     2 ||     2
Armor: Skin              |    21 |    44 ||    65
Dodge: Dodged            |    70 |    88 ||   158
